 Dungeon Crawl Stone Soup version 0.31-a0-188-g5e087ee2ca (webtiles) character file.

Game seed: 12268410804061984003

168 qw the Skirmisher (level 5, -2/29 HPs)
             Began as a Deep Elf Hunter on June 23, 2023.
             Slain by an orc priest
             ... wielding a +0 flail
              (4 damage)
             ... on level 2 of the Dungeon.
             The game lasted 00:00:42 (1334 turns).

qw the Skirmisher (Deep Elf Hunter)                 Turns: 1334, Time: 00:00:42

Health: -2/29      AC:  7    Str: 16    XL:     5   Next: 24%
Magic:  7/7        EV: 10    Int: 14    God:
Gold:   62         SH:  5    Dex: 18    Spells: 4/4 levels left

rFire   . . .        Y - +0 shortbow
rCold   . . .        (shield currently unavailable)
rNeg    . . .        d - +0 scale mail
rPois   .            b - +0 helmet
rElec   .            (no cloak)
rCorr   .            (no gloves)
SInv    .            (no boots)
Will    .....        l - amulet of reflection
Stlth   +            k - +6 ring of strength
HPRegen 0.24/turn    (no ring)
MPRegen 0.10/turn

%: reflection
@: no status effects
A: no striking features
a: no special abilities


You were on level 2 of the Dungeon.
You visited 1 branch of the dungeon, and saw 3 of its levels.

You collected 62 gold pieces.


   Skills:
 - Level 1.5 Fighting
 + Level 8.4 Ranged Weapons
 - Level 3.1 Dodging
 - Level 1.2 Stealth


You had 4 spell levels left.
You didn't know any spells.
Your spell library was empty.

Inventory:

Hand Weapons
 Y - a +0 shortbow (weapon)
Armour
 b - a +0 helmet (worn)
 d - a +0 scale mail (worn)
Jewellery
 k - a +6 ring of strength (left hand)
 l - an amulet of reflection (around neck)
Scrolls
 e - a scroll of identify
Potions
 a - a potion of lignification {unknown}
 f - a potion of berserk rage {unknown}
 j - a potion of curing {unknown}
 m - a potion of degeneration {unknown}

Dungeon Overview and Level Annotations

Branches:
Dungeon (3/15)

Altars:


Message History

What level of the Dungeon? (default 1, ? - help)
There is a stone staircase leading down here.
You climb downwards.
The orc priest shouts!
The orc wizard shouts!
Found 6 stones.
There is a stone staircase leading up here.
There are monsters nearby!
Waypoint 2 assigned to D:3.
You shoot an arrow.
The arrow hits the orc priest but does no damage.
A bat comes into view.
The orc priest hits you but does no damage.
You shoot an arrow.
The arrow closely misses the orc priest.
The arrow hits the bat but does no damage.
The bat hits you but does no damage. The dart slug launches a dart at you.
The slug dart hits you.
The orc wizard hits you with a +0 dagger.
The orc priest calls down the wrath of Beogh upon you.
Beogh smites you!
An endoplasm comes into view.
1332 ||| STAIRDANCE The orc wizard hits you but does no damage.
The orc priest invokes the aid of Beogh against you.
Beogh smites you! The bat barely misses you.
You climb upwards.
There is a stone staircase leading down here.
Enter note:
Enter note:
Enter note:
Enter note:
Enter note:
Enter note:
Enter note:
Enter note:
Enter note: You shoot an arrow.
The arrow hits the orc priest!
The orc priest is heavily wounded.
The orc priest hits you with a +0 flail.
You die...

#.####.########......#
#.#...........#.####.#
#.#.#..#..#.#.#.####.#
#......#..#.......##.#
#......#....#.#.#.##.#
###...###.....#.#..#%#
##.#)#####.###......#
#.###.)......####)###
##[#.#...@...# #.#
##.##..o.o..## #.#
##.#.........# #.#
#....#######.# #.# #..#.#
#.# #(# ##..#.### #.# #.#
#.....#.## #.# #)#
#..#...#.## #.###.#
###..#..###.###.#...#######


You could see an orc priest and an orc wizard.

Vanquished Creatures
  Natasha (thrice) (D:2)
  Robin (D:2)
  2 adders (D:2)
  2 dart slugs (D:1)
  3 ball pythons (D:1)
  3 endoplasms
  6 giant cockroaches
  11 goblins
  13 hobgoblins
  4 kobolds
  3 quokkas (D:1)
  3 frilled lizards
  3 rats (D:1)
57 creatures vanquished.

Notes
Turn   | Place    | Note
-------+----------+-------------------------------------------
     0 | D:1      | qw the Deep Elf Hunter began the quest for the Orb.
     0 | D:1      | Reached XP level 1. HP: 12/12 MP: 3/3
     0 | D:1      | 0 ||| qw: Version: 0.3-a-9-g12657ce
     0 | D:1      | 0 ||| qw: Game counter: 4094
     0 | D:1      | 0 ||| qw: Always use a shield: true
     0 | D:1      | 0 ||| qw: God list: Okawaru
     0 | D:1      | 0 ||| qw: Allow faded altars: false
     0 | D:1      | 0 ||| qw: Do Orc after D:15 true
     0 | D:1      | 0 ||| qw: Do second Lair branch before Depths: true
     0 | D:1      | 0 ||| qw: Lair rune preference: random
     0 | D:1      | 0 ||| qw: Plans: Normal
     0 | D:1      | 0 ||| PLANNING D:1-11
    79 | D:1      | Reached skill level 6 in Ranged Weapons
    79 | D:1      | Reached XP level 2. HP: 16/16 MP: 4/4
   229 | D:1      | Reached XP level 3. HP: 20/20 MP: 5/5
   503 | D:1      | 503 ||| UPGRADING to amulet of the acrobat.
   508 | D:1      | 508 ||| UPGRADING to amulet of reflection.
   518 | D:1      | 518 ||| DROPPING amulet of the acrobat.
   519 | D:1      | 519 ||| DROPPING +6 ring of intelligence.
   520 | D:1      | 520 ||| UPGRADING to +6 ring of strength.
   521 | D:1      | 521 ||| READING scroll labelled UXIPUO EGUEMP.
   622 | D:1      | 622 ||| READING scroll labelled OTRISUY WOET.
   623 | D:1      | 623 ||| READING scroll labelled PUMARPHI QIJOCKEOT.
   624 | D:1      | 624 ||| DRINKING 2 cyan potions.
   625 | D:1      | 625 ||| DROPPING scroll of butterflies.
   650 | D:2      | Reached skill level 7 in Ranged Weapons
   709 | D:2      | Found a faded altar of an unknown god.
   745 | D:2      | Noticed Robin
   755 | D:2      | Reached XP level 4. HP: 10/25 MP: 6/6
   761 | D:2      | HP: 4/25 [Robin/+0 whip (5)]
   762 | D:2      | 762 ||| DRINKING potion of heal wounds.
   764 | D:2      | Killed Robin
   771 | D:2      | 771 ||| FLEEEEING.
   772 | D:2      | 772 ||| FLEEEEING.
   773 | D:2      | 773 ||| FLEEEEING.
   774 | D:2      | 774 ||| FLEEEEING.
   775 | D:2      | 775 ||| FLEEEEING.
   776 | D:2      | 776 ||| FLEEEEING.
   777 | D:2      | 777 ||| FLEEEEING.
   778 | D:2      | 778 ||| FLEEEEING.
   779 | D:2      | 779 ||| FLEEEEING.
   780 | D:2      | 780 ||| FLEEEEING.
   781 | D:2      | 781 ||| STAIRDANCE
   996 | D:2      | Noticed Natasha
  1004 | D:2      | Killed Natasha
  1005 | D:2      | Reached skill level 8 in Ranged Weapons
  1078 | D:2      | Noticed Natasha
  1083 | D:2      | Killed Natasha
  1084 | D:2      | Reached skill level 3 in Dodging
  1084 | D:2      | Reached XP level 5. HP: 29/29 MP: 7/7
  1084 | D:2      | Noticed Natasha
  1092 | D:2      | Killed Natasha
  1305 | D:2      | 1305 ||| UPGRADING to +0 helmet.
  1310 | D:2      | 1310 ||| UPGRADING to +0 scale mail.
  1320 | D:2      | 1320 ||| DROPPING +0 leather armour.
  1332 | D:3      | 1332 ||| STAIRDANCE
  1332 | D:3      | HP: 1/29 [orc priest/divine providence (12)]
  1334 | D:2      | Slain by an orc priest

Levels and vault maps discovered:
D:1:      beargit_arrival_greenhouse, layout_basic
D:2:      layout_loops_cross, dreamdust_ecumenical_altar_grove, uniq_robin,
          uniq_natasha
D:3:      layout_basic, hex_medium, grunt_decor_arrowhead, nrook_mini_backslash,
          minmay_misc_feat_diagonals

Skill      XL: |  1  2  3  4 |
---------------+-------------+-----
Ranged Weapons | 6 7 8 |  8.4
Dodging        | 3 |  3.1
Fighting       | |  1.5
Stealth        | |  1.2

Action                     |  1- 3 |  4- 6 || total
---------------------------+-------+-------++-------
   Fire: Shortbow          |    94 |    59 ||   153
    Use: Scroll            |     3 |       ||     3
         Potion            |     1 |     1 ||     2
 Armour: Leather armour    |     5 |     4 ||     9
         Scale mail        |       |     3 ||     3
  Dodge: Dodged            |     5 |    10 ||    15
  Block: Other             |     2 |     5 ||     7

Table legend:
 A = Non-vault XP
 B = Vault XP
 C = Vault XP percentage of total XP
 D = Non-vault monster count
 E = Vault monster count
 F = Vault count percentage of total count
                 A         B        C        D         E       F
            +---------+---------+-------+---------+---------+-------
      Total |     170 |      71 |  29.5 |      44 |      13 |  22.8
            +---------+---------+-------+---------+---------+-------
        D:1 |      59 |       0 |   0.0 |      32 |       0 |   0.0
        D:2 |     111 |      71 |  39.0 |      12 |      13 |  52.0
            +---------+---------+-------+---------+---------+-------
